 Dungeon Sprint DCSS version 0.31-a0-18-gea43df2a32 (webtiles) character file.

Game seed: 5380847112886477818

1808 bmack86 the Cleaver (level 8, -3/85 HPs)
             Began as a Minotaur Berserker on May 10, 2023.
             Was a Priest of Trog.
             Shot with an arrow by a centaur warrior (17 damage)
             ... in the Dungeon (Sprint I: "Red Sonja").
             The game lasted 00:03:06 (441 turns).

bmack86 the Cleaver (Minotaur Berserker)             Turns: 441, Time: 00:03:07

Health: -3/85      AC:  7    Str: 24    XL:     8   Next: 84%
Magic:  7/7        EV: 12    Int:  4    God:    Trog [***...]
Gold:   405        SH:  0    Dex: 10    Spells: 7/7 levels left

rFire   . . .        a - +0 hand axe
rCold   + . .        (no shield)
rNeg    . . .        j - +3 leather armour {rC+}
rPois   .            (helmet restricted)
rElec   .            (no cloak)
rCorr   .            (no gloves)
SInv    .            (no boots)
Will    .....        (no amulet)
Stlth   +            (no ring)
HPRegen 0.34/turn    (no ring)
MPRegen 0.10/turn

%: no teleportation
@: on berserk cooldown, slowed, very slow
A: horns 2, retaliatory headbutt
a: Renounce Religion, Berserk, Trog's Hand


You were in the Dungeon.
You worshipped Trog.
Trog was most pleased with you.
You visited 1 branch You collected 405 gold pieces.

Inventory:

Hand Weapons
 a - a +0 hand axe (weapon)
Armour
 b - a +0 animal skin
 j - a +3 leather armour of cold resistance (worn)
Wands
 i - a wand of charming (7) (quivered)
 k - a wand of roots (7)
Scrolls
 h - a scroll of blinking
 l - a scroll of magic mapping {unknown}
Potions
 c - a potion of curing
 e - a potion of haste
 f - 2 potions of magic
 g - a potion of berserk rage
 m - a potion of attraction {unknown}
 n - a potion of cancellation {unknown}


   Skills:
 + Level 12.7 Fighting
 + Level 13.0 Axes
 + Level 12.2 Armour
 - Level 3.0 Dodging
 - Level 8.0 Evocations


You had 7 spell levels left.
You didn't know any spells.
Your spell library was empty.

Dungeon Overview and Level Annotations

Branches:
Dungeon (1/1)

Altars:
Cheibriados
Dithmenos
Elyvilon
Fedhas
Gozag
Hepliaklqana
Kikubaaqudgha
Makhleb
Nemelex Xobeh
Okawaru
Qazlal
Ru
Sif Muna
Trog
Uskayaw
Vehumet
Wu Jian
Xom
Yredelemnul
Zin
The Shining One
Jiyva
Lugonu

Shops:
D [


Innate Abilities, Weirdness & Mutations

You have a pair of horns on your head.
You reflexively headbutt those who attack you in melee.


Message History

You hit the centaur warrior.
The centaur warrior is severely wounded.
You closely miss the centaur warrior.
Your unstable footing causes you to fumble your attack.
The centaur warrior hits you!
* * * LOW HITPOINT WARNING * * *
The centaur warrior kicks you but does no damage.
The centaur warrior completely misses you.
The centaur warrior kicks you.
* * * LOW HITPOINT WARNING * * *
You closely miss the centaur warrior. You headbutt the centaur warrior!
You kill the centaur warrior!
Trog accepts your kill.
You hear a splash.
You barely miss the centaur warrior. The centaur warrior closely misses you.
The centaur warrior kicks you but does no damage.
Training target 8.0 for Evocations reached!
Your Fighting skill increases to level 12!
Your Axes skill gained 2 levels and is now at level 13!
Your Armour skill gained 2 levels and is now at level 12!
Your Evocations skill increases to level 8!
Unknown command.
The centaur warrior wields a +0 shortbow.
The centaur warrior shoots an arrow.
The arrow hits you!
* * * LOW HITPOINT WARNING * * *
There is an open door, spattered with blood here.
You feel a strong urge to attack something.
There is a shimmering blue altar of Sif Muna here.
You are no longer berserk.
You are exhausted.
You feel yourself slow down.
There is an open door here.
You feel much better.
The centaur warrior shoots an arrow.
The arrow barely misses you.
The centaur warrior shoots an arrow.
The arrow hits you!!
* * * LOW HITPOINT WARNING * * *
Your polar bear goes berserk!
You can no longer call in reinforcements.
The centaur warrior shoots an arrow.
The arrow hits you!
You die...

##########################
#<.#..)..#..'..#__#..)...#
#..').#..)..#..'..'.)#...#
#..#####'#####'#__####...+
#..####..#...#.####$[#####
#..#__####§.##.#§§§§.#
#..#_____##§#§hc§§§§§+
#⌠⌠#_.∩...§§.._#§§§§§#
####_..__##_.#@##+####
#_____###+#.# ####### ###


You could see a centaur warrior (ally target) and a friendly polar bear
(summoned, berserk).

Vanquished Creatures
  A centaur warrior (D)
  2 kobold demonologists (D)
  Sigmund (D)
  A slime creature (D)
  A yak (D)
  A floating eye (D)
  An ogre (D)
  A jelly (D)
  Ijyb (D)
10 creatures vanquished.

Notes
Turn   | Place    | Note
-------+----------+-------------------------------------------
     0 | D        | bmack86 the Minotaur Berserker began the quest for the Orb.
     0 | D        | Reached XP level 1. HP: 19/19 MP: 0/0
     3 | D        | Noticed Ijyb
     9 | D        | Killed Ijyb
    10 | D        | Reached skill level 5 in Fighting
    10 | D        | Reached skill level 5 in Axes
    10 | D        | Reached XP level 2. HP: 29/29 MP: 1/1
    57 | D        | Noticed an ogre
    61 | D        | Killed an ogre
    62 | D        | Reached skill level 7 in Axes
    62 | D        | Reached skill level 5 in Armour
    62 | D        | Reached XP level 3. HP: 39/39 MP: 2/2
    62 | D        | Reached XP level 4. HP: 47/47 MP: 3/3
    94 | D        | Noticed Sigmund
   106 | D        | Killed Sigmund
   106 | D        | Reached ** piety under Trog
   107 | D        | Reached skill level 8 in Axes
   107 | D        | Reached XP level 5. HP: 56/56 MP: 4/4
   107 | D        | Reached XP level 6. HP: 62/62 MP: 5/5
   142 | D        | Found a burning altar of Makhleb.
   142 | D        | Found a viscous altar of Jiyva.
   142 | D        | Found a shimmering altar of Xom.
   142 | D        | Found a corrupted altar of Lugonu.
   142 | D        | Noticed a slime creature
   146 | D        | Killed a slime creature
   147 | D        | Reached skill level 9 in Axes
   147 | D        | Reached skill level 5 in Evocations
   182 | D        | Found an ornate altar of the Wu Jian Council.
   182 | D        | Found a shimmering blue altar of Sif Muna.
   184 | D        | Found a radiant altar of Vehumet.
   309 | D        | Found Xuzuomash's Antique Armour Emporium.
   309 | D        | Found an ancient bone altar of Kikubaaqudgha.
   309 | D        | Found a hazy altar of Hepliaklqana.
   309 | D        | Found a stormy altar of Qazlal.
   309 | D        | Found a hide-covered altar of Uskayaw.
   309 | D        | Found a blossoming altar of Fedhas.
   309 | D        | Found a bloodstained altar of Trog.
   309 | D        | Found an iron altar of Okawaru.
   309 | D        | Found a basalt altar of Yredelemnul.
   309 | D        | Found a glowing golden altar of the Shining One.
   309 | D        | Found a snail-covered altar of Cheibriados.
   309 | D        | Found a sacrificial altar of Ru.
   309 | D        | Found a glowing silver altar of Zin.
   309 | D        | Found a shadowy altar of Dithmenos.
   309 | D        | Found a white marble altar of Elyvilon.
   309 | D        | Noticed a yak
   313 | D        | Killed a yak
   314 | D        | Reached skill level 10 in Fighting
   314 | D        | Reached skill level 10 in Axes
   314 | D        | Reached XP level 7. HP: 72/72 MP: 6/6
   314 | D        | Found an opulent altar of Gozag.
   315 | D        | Found a sparkling altar of Nemelex Xobeh.
   361 | D        | Noticed a kobold demonologist
   361 | D        | Noticed a kobold demonologist
   364 | D        | Reached *** piety under Trog
   365 | D        | Noticed an orange demon
   370 | D        | Noticed a rust devil
   374 | D        | Killed a kobold demonologist
   374 | D        | Killed a kobold demonologist
   374 | D        | Reached **** piety under Trog
   375 | D        | Reached skill level 11 in Axes
   375 | D        | Reached skill level 10 in Armour
   375 | D        | Reached XP level 8. HP: 83/83 MP: 7/7
   422 | D        | Noticed a centaur warrior
   422 | D        | Noticed a centaur warrior
   436 | D        | Killed a centaur warrior
   437 | D        | Reached skill level 13 in Axes
   441 | D        | Shot with an arrow by a centaur warrior

Illustrated notes

Levels and vault maps discovered:
D:        dungeon_sprint_1 [red_sonja_temple_1, red_sonja_temple_small_1]

Skill      XL: |  1  2  3  4  5  6  7  8 |
---------------+-------------------------+-----
Fighting       | 5 7 8 10 11 12 | 12.7
Axes           | 5 7 8 10 11 13 | 13.0
Armour         | 3 5 7 9 10 12 | 12.2
Dodging        | 3 |  3.0
Evocations     | 3 4 6 7 8 |  8.0

Action                     |  1- 3 |  4- 6 |  7- 9 || total
---------------------------+-------+-------+-------++-------
  Melee: Hand axe          |     8 |    16 |    19 ||    43
         Headbutt          |     2 |     6 |     3 ||    11
 Invoke: Berserk           |     2 |     4 |     2 ||     8
         Brothers in Arms  |       |       |     1 ||     1
  Evoke: Wand              |       |       |     2 ||     2
    Use: Potion            |       |       |     1 ||     1
 Armour: Leather armour    |       |       |    13 ||    13
  Dodge: Dodged            |       |     5 |    14 ||    19

Table legend: (Time is in decaauts)
 A = Elapsed time spent in this place.
 B = Non-inter-level travel time spent in this place.
 C = Inter-level travel time spent in this place.
 D = Time resting spent in this place.
 E = Time spent auto-exploring this place.
 F = Levels seen in this place.
 G = Mean time per level.
                   A        B        C        D        E       F      G
               +--------+--------+--------+--------+--------+-----+--------+
         Total |    501 |    501 |      0 |    236 |      0 |   1 |  501.0 |
       Dungeon |    501 |    501 |      0 |    236 |      0 |   1 |  501.0 |
               +--------+--------+--------+--------+--------+-----+--------+

Top non-repeatable levels by time:
       D: 501 daAuts
